AoeStats
← NotGG

Fortress

509745190Analyzed
4v4 RM · 5d ago on Sep 27, 2026· 46m 0s· 8 players
Game mode
Random Map
Map size
Huge
Population
200
Speed
Normal
Resources
Standard
Victory
Conquest
Starting age
Dark Age
Ending age
Imperial Age
RankedLock teamsTeams togetherTeam positionsShared explorationLock speedFull tech treeHidden civsTurbo modeCheats
Victory
Defeat
🇺🇸 Britons · United States
1268
+14
🇨🇦 Berbers · Canada
1265
+14
🇺🇸 Japanese · United States
1262
+14
🇦🇷 Georgians · Argentina
1201
+18
🇩🇪 Vikings · Germany
1265
-17
🇨🇱 Lithuanians · Chile
1226
-15
🇵🇹 Spanish · Portugal
1220
-15
🇧🇷 Khmer · Brazil
1181
-13
c7
6:20 Loom
8:41 Feudal Age
12:57 Castle Age
11:21 Double-Bit Axe
12:10 Horse Collar
12:26 Gold Mining
14:07 Bow Saw
17:45 Scale Barding Armor
17:51 Forging
21:10 Wheelbarrow
22:17 Chain Barding Armor
26:05 Iron Casting
26:45 Bloodlines
28:23 Town Watch
34:44 Imperial Age
33:12 Stone Mining
35:59 Cavalier
38:33 Plate Barding Armor
Massarock
7:16 Feudal Age
8:16 Double-Bit Axe
8:17 Horse Collar
12:41 Castle Age
10:55 Gold Mining
13:22 Loom
13:57 Bow Saw
14:51 Wheelbarrow
14:32 Padded Archer Armor
19:47 Leather Archer Armor
21:13 Town Watch
21:44 Hand Cart
28:42 Imperial Age
27:16 Ballistics
26:54 Stone Mining
26:42 Elite Skirmisher
29:08 Thumb Ring
29:32 Fletching
30:13 Ring Archer Armor
30:47 Chemistry
30:18 Bodkin Arrow
32:15 Bracer
34:14 Scale Barding Armor
36:58 Two-Man Saw
35:59 Heavy Plow
BondTrustee
7:37 Feudal Age
8:52 Double-Bit Axe
11:14 Castle Age
9:07 Double-Bit Axe
9:11 Horse Collar
10:12 Gold Mining
12:10 Bow Saw
13:07 Heavy Plow
17:41 Scale Mail Armor
17:29 Loom
19:45 Chain Mail Armor
20:38 Squires
21:00 Arson
21:47 Forging
23:59 Stone Mining
27:41 Imperial Age
26:28 Iron Casting
27:45 Elite Varangian Guard
28:59 Plate Mail Armor
30:33 Blast Furnace
29:59 Fletching
30:46 Town Watch
30:50 Sappers
31:40 Conscription
31:59 Hoardings
31:33 Murder Holes
32:39 Chemistry
32:47 Gold Shaft Mining
34:26 Ballistics
34:13 Bodkin Arrow
34:44 Chieftains
36:39 Bracer
36:54 Fortified Wall
39:25 Elite Skirmisher
40:06 Padded Archer Armor
41:13 Leather Archer Armor
43:41 Ring Archer Armor
Pino
0:29 Loom
7:33 Feudal Age
12:01 Castle Age
16:00 Double-Bit Axe
26:48 Fletching
31:23 Stone Mining
31:24 Gold Mining
32:16 Padded Archer Armor
32:26 Scale Barding Armor
33:16 Caravan
36:15 Bodkin Arrow
37:37 Wheelbarrow
40:12 Imperial Age
38:47 Bloodlines
38:38 Husbandry
39:04 Chain Barding Armor
41:47 Conscription
42:59 Forging
43:24 Plate Barding Armor
dog w sunglasses
8:00 Feudal Age
9:09 Loom
12:06 Castle Age
10:12 Double-Bit Axe
10:50 Horse Collar
11:02 Gold Mining
14:26 Fletching
14:48 Bow Saw
19:02 Padded Archer Armor
19:13 Bodkin Arrow
22:06 Leather Archer Armor
26:10 Ballistics
29:35 Imperial Age
30:03 Yeomen
30:49 Elite Longbowman
31:56 Bracer
32:05 Heavy Plow
33:05 Ring Archer Armor
35:57 Wheelbarrow
35:09 Town Watch
35:52 Conscription
36:57 Gold Shaft Mining
36:26 Scale Mail Armor
36:36 Forging
43:20 Chemistry
42:01 Treadmill Crane
42:32 Masonry
42:27 Siege Engineers
42:38 Masonry
42:10 Treadmill Crane
44:14 Stone Mining
44:41 Chain Mail Armor
45:01 Iron Casting
44:31 Scale Barding Armor
twitch.tv/WatzTheDeal
7:01 Feudal Age
5:17 Loom
7:39 Double-Bit Axe
11:59 Castle Age
11:41 Wheelbarrow
13:33 Scale Mail Armor
13:27 Arson
14:30 Squires
16:56 Forging
34:47 Chain Mail Armor
35:07 Iron Casting
36:24 Iron Casting
36:56 Fletching
37:06 Padded Archer Armor
37:12 Scale Barding Armor
37:02 Horse Collar
37:38 Hand Cart
37:08 Town Watch
37:37 Bow Saw
44:54 Imperial Age
Vaod1
7:09 Feudal Age
7:33 Horse Collar
7:40 Double-Bit Axe
12:55 Castle Age
13:37 Wheelbarrow
14:14 Bow Saw
15:06 Kasbah
15:27 Hand Cart
15:53 Loom
16:47 Heavy Plow
17:35 Fletching
17:59 Gold Mining
19:18 Padded Archer Armor
20:25 Bodkin Arrow
21:46 Stone Mining
28:27 Imperial Age
26:16 Bloodlines
27:06 Husbandry
28:48 Scale Barding Armor
28:53 Forging
29:47 Crop Rotation
28:40 Heavy Camel Rider
30:32 Conscription
30:16 Maghrebi Camels
31:19 Chain Barding Armor
32:20 Iron Casting
35:18 Chemistry
34:24 Siege Engineers
34:40 Ballistics
34:07 Light Cavalry
34:54 Hussar
37:43 Plate Barding Armor
38:48 Blast Furnace
39:31 Masonry
42:41 Bracer
42:56 Leather Archer Armor
NotGG
5:40 Feudal Age
6:21 Double-Bit Axe
6:18 Horse Collar
10:06 Loom
10:19 Loom
12:36 Castle Age
10:43 Gold Mining
13:11 Wheelbarrow
12:21 Town Watch
13:39 Bow Saw
13:44 Heavy Plow
23:19 Forging
24:39 Bloodlines
24:29 Husbandry
26:10 Treadmill Crane
26:34 Fletching
29:17 Imperial Age
26:58 Padded Archer Armor
27:26 Bodkin Arrow
28:58 Leather Archer Armor
29:46 Fortified Wall
29:28 Guard Tower
30:28 Hand Cart
30:13 Town Patrol
29:59 Loom
30:47 Scale Barding Armor
31:38 Keep
31:32 Parthian Tactics
31:47 Bracer
32:02 Heavy Cavalry Archer
33:58 Hoardings
35:30 Chemistry
35:37 Fervor
35:52 Sanctity
35:51 Aznauri Cavalry
35:52 Svan Towers
37:06 Conscription
36:38 Stone Mining
37:10 Ballistics
36:55 Siege Engineers
40:22 Masonry
Connection lost

Rejoining the realm…

Still unreachable

The connection could not be restored.

Session expired

The server has moved on; the page needs a fresh start.